 Dungeon Crawl Stone Soup version 0.27.1-4-g1640c2035a (webtiles) character file.

Game seed: 11308825563701664266

1470 pkoi the Grappler (level 8, -3/74 HPs)
             Began as a Troll Monk on Nov 17, 2021.
             Was an Initiate of Gozag.
             Slain by a yak (8 damage)
             ... on level 8 of the Dungeon.
             The game lasted 00:06:26 (6217 turns).

pkoi the Grappler (Troll Monk)                      Turns: 6217, Time: 00:06:28

Health: -3/74      AC:  4    Str: 22    XL:     8   Next: 49%
Magic:  7/7        EV: 11    Int:  6    God:    Gozag
Gold:   572        SH:  0    Dex: 12    Spells: 7/7 levels left

rFire    . . .     SeeInvis .     - Unarmed
rCold    . . .     Faith    .   (no shield)
rNeg     . . .     Spirit   .   a - +0 robe
rPois    .         Reflect  .   (helmet restricted)
rElec    .         Harm     .   (no cloak)
rCorr    .         Rampage  .   (gloves unavailable)
Will     .....                  (boots unavailable)
Stlth    ++........             (no amulet)
HPRegen  1.22/turn              h - ring of flight
MPRegen  0.10/turn              (no ring)

@: flying
A: large, unfitting armour, claws 3, regeneration 1, shaggy fur 1, tough skin 1
a: Renounce Religion, Potion Petition, Call Merchant, Bribe Branch


You were on level 8 of the Dungeon.
You worshipped Gozag.
Gozag was pleased with you.
You visited 2 branches of the dungeon, and saw 9 of its levels.

You collected 572 gold pieces.

Inventory:

Hand Weapons
 E - the +10 dagger of Lust {vorpal, rF+ SInv}
   (You found it on level 7 of the Dungeon)

   It inflicts extra damage upon your enemies.
   rF:        It protects you from fire.
   SInv:      It lets you see invisible.
Missiles
 k - 40 poisoned darts (quivered)
 u - 3 boomerangs
Armour
 a - a +0 robe (worn)
Jewellery
 h - a ring of flight (left claw)
 q - a ring of wizardry
 t - a +6 ring of dexterity
 D - a +4 ring of evasion
Wands
 n - a wand of flame (18)
 r - a wand of paralysis (9)
 v - a wand of acid (4)
 y - a wand of charming (9)
Scrolls
 c - 3 scrolls of teleportation {unknown}
 d - 2 scrolls of vulnerability {unknown}
 e - 4 scrolls of identify {unknown}
 f - 2 scrolls of blinking {unknown}
 l - a scroll of acquirement {unknown}
 o - a scroll of enchant weapon {unknown}
 p - 4 scrolls of noise {unknown}
 s - 2 scrolls of immolation {unknown}
 w - a scroll of summoning {unknown}
 x - a scroll of fog {unknown}
Potions
 b - a potion of lignification {unknown}
 g - 4 potions of haste {unknown}
 i - a potion of degeneration {unknown}
 j - 2 potions of might {unknown}
 m - a potion of invisibility {unknown}
 z - a potion of heal wounds {unknown}
 A - a potion of resistance {unknown}
 B - a potion of flight {unknown}
 C - a potion of cancellation {unknown}


   Skills:
 - Level 2.4 Fighting
 - Level 3.0 Throwing
 + Level 4.8 Dodging
 - Level 1.0 Stealth
 * Level 8.7 Unarmed Combat
 + Level 1.7 Evocations


You had 7 spell levels left.
You didn't know any spells.
Your spell library contained the following spells:

 Spells                   Type           Power      Damage    Failure   Level
 Magic Dart               Conj           0%         1d3       45%         1
 Call Imp                 Summ           0%         N/A       58%         2
 Dazzling Flash           Conj/Hex       0%         N/A       83%         3
 Mephitic Cloud           Conj/Pois/Air  0%         N/A       83%         3
 Tukima's Dance           Hex            0%         N/A       83%         3
 Passage of Golubria      Tloc           N/A        N/A       99%         4
 Agony                    Necr           0%         N/A       100%        5
 Silence                  Hex/Air        0%         N/A       100%        5
 Yara's Violent Unravell  Hex/Tmut       0%         3d3       100%        5


Dungeon Overview and Level Annotations

Branches:
Dungeon (8/15)             Temple (1/1) D:7
   Lair: D:8-11

Altars:
Ashenzari
Cheibriados
Dithmenos
Elyvilon
Fedhas
Gozag
Hepliaklqana
Kikubaaqudgha
Makhleb
Nemelex Xobeh
Okawaru
Qazlal
Ru
Sif Muna
Trog
Uskayaw
Vehumet
Wu Jian
Xom
Yredelemnul
Zin
The Shining One

Shops:
D:7 (

Annotations:
D:7 1 runed translucent door


Innate Abilities, Weirdness & Mutations

You are too large for most types of armour.
You have claws for hands.
Your natural rate of healing is unusually fast.
You are covered in fur. (AC +1)
You have tough skin. (AC +1)


Message History

The orc priest calls down the wrath of Beogh upon you.
Beogh smites you!
You hear an angry buzzing noise.
Unknown command.
You bump into the rock wall.
You hear an angry buzzing noise.
The centaur hits you.
* * * LOW HITPOINT WARNING * * *
The centaur kicks you.
* * * LOW HITPOINT WARNING * * *
The orc wizard misses you.
The bullfrog hits you but does no damage.
The centaur barely misses you. The centaur kicks you.
* * * LOW HITPOINT WARNING * * *
The orc priest hits you but does no damage.
You feel less confused. The yak gores you.
* * * LOW HITPOINT WARNING * * *
The bullfrog hits you.
* * * LOW HITPOINT WARNING * * *
The centaur hits you.
* * * LOW HITPOINT WARNING * * *
The centaur barely misses you. The bullfrog closely misses you.
The bullfrog hits you.
* * * LOW HITPOINT WARNING * * *
The centaur hits you but does no damage.
The centaur kicks you.
* * * LOW HITPOINT WARNING * * *
The yak gores you!
* * * LOW HITPOINT WARNING * * *
There is a stone staircase leading up, spattered with blood here.
The bullfrog hits you.
* * * LOW HITPOINT WARNING * * *
The centaur completely misses you.
The centaur kicks you but does no damage.
A sky beast appears from thin air!
Reactivating autopickup.
The yak gores you!
You die...
Your body crumbles into a pile of gold.

##### #...#####
#.....oF## .
##...§Yyc@##....
#......oY........
.....###.#####.#####
.... #..#..# ...
..##.#..#..#.##..#
........$Y....#....
##..#..#..#..# .#.#
#..#..#..#....##..
#. ###.### #.##


You could see a yak, a sky beast, a bullfrog, a centaur, a killer bee, an orc
priest and an orc wizard.

Vanquished Creatures
  A steam dragon (D:8)
  An orc warrior (D:7)
  A sky beast (D:6)
  A black bear (D:5)
  3 necrophages
  2 ogres
  3 scorpions
  A bullfrog zombie (D:5)
  An orc priest (D:5)
  A bullfrog skeleton (D:6)
  A hound (D:6)
  2 centaur skeletons (D:7)
  An iguana (D:5)
  3 orc wizards
  A howler monkey zombie (D:8)
  5 adders
  2 shadow imps
  2 white imps (D:7)
  An ufetubus (D:6)
  An adder skeleton (D:4)
  2 worms
  2 dart slugs
  12 orcs
  3 endoplasms (D:1)
  4 giant cockroaches
  8 goblins
  7 hobgoblins
  2 quokkas
  11 ball pythons
  5 bats
  2 frilled lizards (D:1)
  5 kobolds
  7 rats
104 creatures vanquished.

Notes
Turn   | Place    | Note
-------+----------+-------------------------------------------
     0 | D:1      | pkoi the Troll Monk began the quest for the Orb.
     0 | D:1      | Reached XP level 1. HP: 22/22 MP: 0/0
   245 | D:1      | Reached XP level 2. HP: 29/29 MP: 1/1
   651 | D:1      | Reached skill level 4 in Unarmed Combat
  1049 | D:2      | Reached XP level 3. HP: 30/36 MP: 2/2
  1851 | D:3      | Reached XP level 4. HP: 44/44 MP: 3/3
  1909 | D:3      | Reached skill level 5 in Unarmed Combat
  2487 | D:3      | Found a faded altar of an unknown god.
  2824 | D:4      | Found an opulent altar of Gozag.
  2830 | D:4      | Became a worshipper of Gozag Ym Sagoz the Greedy
  3038 | D:4      | Noticed a scorpion
  3041 | D:4      | Killed a scorpion
  3042 | D:4      | Reached XP level 5. HP: 50/50 MP: 4/4
  3434 | D:5      | Entered Level 5 of the Dungeon
  3490 | D:5      | Reached skill level 6 in Unarmed Combat
  3675 | D:5      | Noticed a necrophage
  3683 | D:5      | Killed a necrophage
  3684 | D:5      | Reached skill level 1 in Throwing
  3684 | D:5      | Reached XP level 6. HP: 55/59 MP: 5/5
  3799 | D:5      | Reached skill level 7 in Unarmed Combat
  3799 | D:5      | Reached XP level 7. HP: 44/66 MP: 6/6
  5026 | D:6      | Reached skill level 8 in Unarmed Combat
  5026 | D:6      | Reached XP level 8. HP: 71/74 MP: 7/7
  5213 | D:7      | Noticed a sixfirhy
  5214 | D:7      | Found a runed translucent door.
  5244 | D:7      | Found Riump's Antique Weapon Shop.
  5281 | D:7      | Found a staircase to the Ecumenical Temple.
  5353 | Temple   | Entered the Ecumenical Temple
  5708 | D:7      | Reached skill level 1 in Evocations
  5932 | D:7      | Identified the +10 dagger of Lust {vorpal, rF+ SInv}
  6217 | D:8      | Slain by a yak

Illustrated notes

Levels and vault maps discovered:
D:1:      amcnicky_arrival_wind_blow, layout_loops_corners
D:2:      layout_basic, hangedman_feature_mirror, chequers_serial_rivers_room_b,
          minivault_4, chequers_serial_rivers_micro_e
D:3:      layout_loops_corners, ebering_ecumenical_altar_hall,
          kennysheep_doodads, minmay_shallow_snake_nest
D:4:      layout_gridville, grunt_gozag_statues
D:5:      layout_gridville, minivault_27
D:6:      layout_cave_pods, minmay_fountain_box, kennysheep_diamond
D:7:      cheibrodos_shockbox, layout_rooms, minmay_temple_entry_trees,
          serial_shops, shop, minivault_27
D:8:      minmay_the_grid_square_5x5_3x3
          [minmay_the_grid_square_5x5_three_walls,
          minmay_the_grid_square_5x5_minimal,
          minmay_the_grid_square_5x5_tri_point,
          minmay_the_grid_square_5x5_inner_z,
          minmay_the_grid_square_5x5_megaprize_hollow,
          minmay_the_grid_square_5x5_checkered_statues,
          minmay_the_grid_square_5x5_bridge,
          minmay_the_grid_square_5x5_two_small,
          minmay_the_grid_square_5x5_six_small], layout_cave_pods,
          lair_entry_dummy, gammafunk_ghost_necromancy, corner_web_ring
Temple:   minmay_crystal_snake_temple

Skill      XL: |  1  2  3  4  5  6  7  8 |
---------------+-------------------------+-----
Unarmed Combat | 4 5 6 7 8 |  8.7
Dodging        | 3 4 |  4.8
Throwing       | 1 2 3 |  3.0
Evocations     | 1 |  1.7
Fighting       | |  2.4
Stealth        | |  1.0

Action                   |  1- 3 |  4- 6 |  7- 9 || total
-------------------------+-------+-------+-------++-------
Melee: Unarmed           |    87 |   104 |    99 ||   290
       Punch             |       |     4 |     3 ||     7
 Stab: Sleeping          |     4 |       |     1 ||     5
       Distracted        |     1 |     1 |       ||     2
Armor: Robe              |    30 |    20 |    33 ||    83
Dodge: Dodged            |    37 |    44 |    53 ||   134
